[Event "Late-Titled-Tuesday-Blitz-February-13-2024"]
[Site "Chess.com"]
[Date "2024.02.13"]
[Round "3"]
[White "JaackCamel"]
[Black "rdarruda"]
[Result "0-1"]
[WhiteElo "2206"]
[BlackElo "2541"]
[TimeControl "180+1"]
[EndTime "14:26:22 PST"]
[Termination "rdarruda won by resignation"]

1. d4 Nf6 2. c4 e5 3. dxe5 Ne4 4. a3 Nc6 5. Nf3 d6 6. Bf4 g5 7. Bg3 Bg7 8. Nbd2 Nxg3 9. hxg3 Nxe5 10. Nxe5 Bxe5 11.
Qc2 h6 12. O-O-O c6 13. Nf3 Bf6 14. e4 Qc7 15. c5 dxc5 16. e5 Bg7 17. Bc4 Bg4 18.
Rhe1 O-O 19. e6 Bxe6 20. Bxe6 fxe6 21. Qb3 Qf7 22. Ne5 Bxe5 23. Rxe5 Rfe8 24. f3 b6 25.
Rde1 Re7 26. Qe3 Rae8 27. Qe4 Kg7 28. f4 Qf6 29. f5 Kf7 30. Rf1 exf5 31. Qc4+ Kg6 32.
Rexf5 Re1+ 33. Kc2 R8e2+ 34. Qxe2 Rxe2+ 35. Kd1 Qxb2 0-1

[Event "Late-Titled-Tuesday-Blitz-February-13-2024"]
[Site "Chess.com"]
[Date "2024.02.13"]
[Round "3"]
[White "miraitrunks"]
[Black "Cristi_Coca"]
[Result "1-0"]
[WhiteElo "2207"]
[BlackElo "2377"]
[TimeControl "180+1"]
[EndTime "14:26:26 PST"]
[Termination "miraitrunks won by resignation"]

1. e4 c5 2. c3 d5 3. exd5 Qxd5 4. d4 Nf6 5. Nf3 e6 6. Na3 Nc6 7. Be3 cxd4 8. Nb5 Qd8 9. Nbxd4 Bd7 10. Bd3 Be7 11. O-O Nd5 12. Bd2 Bf6 13. Qe2 O-O 14. Qe4 g6 15. Bh6 Re8 16. h4 Nxd4 17.
cxd4 Bc6 18. Qg4 Nb4 19. Be4 Bxe4 20. Qxe4 Qd5 21. Qg4 Rad8 22. Rfd1 Nxa2 23. h5 a6 24. hxg6 hxg6 25. Ne5 Bxe5 26. dxe5 Qb3 27. Rxd8 Rxd8 28.
Qh4 Rd1+ 29. Kh2 Qd5 30. Qf6 1-0

[Event "Late-Titled-Tuesday-Blitz-February-13-2024"]
[Site "Chess.com"]
[Date "2024.02.13"]
[Round "3"]
[White "xakevicius91"]
[Black "Yushko_Olga"]
[Result "1-0"]
[WhiteElo "2542"]
[BlackElo "2232"]
[TimeControl "180+1"]
[EndTime "14:26:28 PST"]
[Termination "xakevicius91 won by resignation"]

1. e4 g6 2. d4 Bg7 3. Nc3 d6 4.
Be3 Nf6 5. f3 Nbd7 6. Qd2 c6 7. g4 b5 8. h4 a5 9. h5 Qc7 10. Bd3 b4 11. Nce2 Ba6 12. Nh3 c5 13. c3 Bxd3 14. Qxd3 c4 15. Qd2 d5 16. e5 bxc3 17.
bxc3 Nxe5 18. dxe5 Qxe5 19. Bd4 Qe6 20. h6 Ne4 21.
fxe4 Bxd4 22. Qxd4 f6 23. Qxd5 Qc8 24. Rd1 a4 25. Nhf4 Ra6 26. Qb5+ Kf7 27. Rg1 Re8 28. Nd4 Kg8 29. Qd5+ Kh8 30. Nde6 Rd6 31. Qb5 Rc6 32. Ke2 Rg8 33. g5 fxg5 34. Qe5+ 1-0

[Event "Late-Titled-Tuesday-Blitz-February-13-2024"]
[Site "Chess.com"]
[Date "2024.02.13"]
[Round "3"]
[White "CrushingKings"]
[Black "legendisback1"]
[Result "0-1"]
[WhiteElo "2641"]
[BlackElo "2993"]
[TimeControl "180+1"]
[EndTime "14:26:34 PST"]
[Termination "legendisback1 won by resignation"]

1. Nf3 a6 2. g3 b5 3. Bg2 Bb7 4. O-O Nf6 5. d4 e6 6. b3 c5 7.
Bb2 cxd4 8. Qxd4 Nc6 9. Qf4 d5 10. Ne5 Bd6 11. Nxc6 Bxc6 12. Qg5 O-O 13. c4 bxc4 14.
bxc4 h6 15. Bxf6 hxg5 16. Bxd8 Raxd8 17. cxd5 exd5 18. Nd2 Bb5 19. Bf3 Rfe8 20. Rfd1 Bxe2 21. Bxe2 Rxe2 22. Nb3 Be5 23. Nd4 Re4 24. Nc6 Bxa1 25.
Nxd8 Bf6 26. Nb7 Ra4 27. Rxd5 Rxa2 28. Nc5 Ra5 29. Rf5 Be7 0-1

[Event "Late-Titled-Tuesday-Blitz-February-13-2024"]
[Site "Chess.com"]
[Date "2024.02.13"]
[Round "3"]
[White "AryanTari"]
[Black "ArtemDyachuk"]
[Result "1-0"]
[WhiteElo "2932"]
[BlackElo "2615"]
[TimeControl "180+1"]
[EndTime "14:26:34 PST"]
[Termination "AryanTari won on time"]

1. Nf3 d5 2. e3 Bg4 3. c4 e6 4. Qb3 Nd7 5. cxd5 exd5 6. Qxd5 Ngf6 7. Qxb7 Bd6 8. Nc3 O-O 9. Qb3 Rb8 10. Qd1 Re8 11. Be2 Nf8 12. b3 Ng6 13. Bb2 Nf4 14. exf4 Bxf3 15. gxf3 Nh5 16. Nd5 Bc5 17. Ne3 Nxf4 18.
Qc2 Qd6 19. Rg1 Bd4 20. Bc4 Rbd8 21. O-O-O a5 22. Nf5 Qe5 23. Rxg7+ 1-0

[Event "Late-Titled-Tuesday-Blitz-February-13-2024"]
[Site "Chess.com"]
[Date "2024.02.13"]
[Round "3"]
[White "EvilMorty23"]
[Black "fmcabralis"]
[Result "1-0"]
[WhiteElo "2514"]
[BlackElo "2253"]
[TimeControl "180+1"]
[EndTime "14:26:34 PST"]
[Termination "EvilMorty23 won by resignation"]

1. e4 c5 2. Nf3 Nc6 3. c3 d5 4. exd5 Qxd5 5. d4 Nf6 6. Be2 e6 7. Na3 Be7 8. Nb5 Qd8 9. Bf4 Nd5 10. Bg3 a6 11. Na3 cxd4 12. Nxd4 Nxd4 13. Qxd4 O-O 14.
Nc4 b5 15. Ne5 Bb7 16. O-O f6 17. Nf3 Rc8 18. Bd3 e5 19. Qg4 Rc7 20. Rad1 Bc8 21.
Qh5 f5 22. Bxe5 Rb7 23. c4 bxc4 24. Bxc4 Be6 25. Nd4 Bf7 26. Qxf5 Rd7 27. Nc6 Ne3 28. fxe3 Rxd1 29. Nxd8 Rxf1+ 30. Qxf1 Bxc4 31. Qxc4+ Kh8 32. Nf7+ 1-0

[Event "Late-Titled-Tuesday-Blitz-February-13-2024"]
[Site "Chess.com"]
[Date "2024.02.13"]
[Round "3"]
[White "tgpgoat"]
[Black "Sleepless_Knightmare"]
[Result "0-1"]
[WhiteElo "2540"]
[BlackElo "2299"]
[TimeControl "180+1"]
[EndTime "14:26:36 PST"]
[Termination "Sleepless_Knightmare won by resignation"]

1. Nf3 d5 2. g3 Nf6 3. Bg2 Bg4 4. O-O Nbd7 5. Ne5 Nxe5 6. d4 Nc6 7. c4 dxc4 8. Qa4 Bxe2 9. Bxc6+ bxc6 10. Qxc6+ Nd7 11.
Re1 Bd3 12. Nc3 Rb8 13. Nb5 Rxb5 14. Qxb5 Qb8 15. Qc6 Qb6 16. Qa8+ Nb8 17. d5 e6 18. Be3 Qxb2 19. Bxa7 Bd6 20. dxe6 O-O 21. exf7+ Kh8 22. Bxb8 c3 23. Bxc7 Rxa8 24. Re8+ Bf8 25. Rae1 Qa3 26. Rxa8 Qxa8 27. Re8 Qa3 28. Bd8 c2 29.
Bg5 c1=Q+ 30. Bxc1 Qxc1+ 31. Kg2 Qc6+ 32. Kh3 Qd7+ 33.
Kg2 Qxf7 0-1

[Event "Late-Titled-Tuesday-Blitz-February-13-2024"]
[Site "Chess.com"]
[Date "2024.02.13"]
[Round "3"]
[White "TheAlienParty"]
[Black "babero_gordo"]
[Result "1-0"]
[WhiteElo "2399"]
[BlackElo "2134"]
[TimeControl "180+1"]
[EndTime "14:26:40 PST"]
[Termination "TheAlienParty won by resignation"]

1. c4 e5 2. Nc3 Nc6 3. Nf3 f6 4. d4 exd4 5. Nxd4 Bc5 6. Nb3 Bb4 7. Qc2 Qe7 8. a3 Bxc3+ 9. Qxc3 d6 10. e3 Be6 11.
Be2 Bf7 12. O-O Nh6 13. Nd4 Nxd4 14. exd4 O-O 15. Bxh6 Qxe2 16. Qg3 Bg6 17. Be3 Qxc4 18. Rac1 Qb5 19. Rxc7 Rac8 20. Qxd6 Rxc7 21. Qxc7 Qxb2 22. d5 Qe5 23. d6 Rf7 24. Qc8+ Rf8 25. d7 Qe7 26.
Rd1 Rd8 27. Bc5 Qe2 28. Qxd8+ Kf7 29. Qe7+ Qxe7 30. Bxe7 Kxe7 1-0

[Event "Late-Titled-Tuesday-Blitz-February-13-2024"]
[Site "Chess.com"]
[Date "2024.02.13"]
[Round "3"]
[White "Kotlyar_K"]
[Black "MikaelyanArman"]
[Result "0-1"]
[WhiteElo "2512"]
[BlackElo "2819"]
[TimeControl "180+1"]
[EndTime "14:26:41 PST"]
[Termination "MikaelyanArman won by resignation"]

1. d4 b6 2. e4 Bb7 3. Bd3 e6 4. Nf3 Nf6 5. e5 Nd5 6. c4 Nb4 7. Be2 Be4 8. Na3 d5 9. O-O Be7 10. Be3 O-O 11. Rc1 Nxa2 12. Ra1 Nb4 13. Nd2 Bg6 14. Bf3 c6 15. Qb3 Nd7 16. Rac1 a5 17.
cxd5 cxd5 18. Qa4 b5 19. Nxb5 Nb6 20. Qb3 Bd3 21. Nc7 Rc8 22. Nxe6 fxe6 23. Bg4 Qd7 24. Rfe1 Bc2 25. Rxc2 Rxc2 26. Nf3 Nc4 27. Ng5 a4 28. Bxe6+ Qxe6 29. Nxe6 axb3 30. Nxf8 Kxf8 0-1

[Event "Late-Titled-Tuesday-Blitz-February-13-2024"]
[Site "Chess.com"]
[Date "2024.02.13"]
[Round "3"]
[White "topce"]
[Black "igorknyazev"]
[Result "1-0"]
[WhiteElo "2394"]
[BlackElo "2188"]
[TimeControl "180+1"]
[EndTime "14:26:41 PST"]
[Termination "topce won by checkmate"]

1. c4 Nf6 2. Nc3 e5 3. d3 c6 4. Nf3 Qc7 5. e4 Bc5 6. Be2 O-O 7. O-O a5 8. Bg5 Qd6 9. Na4 Ba7 10.
c5 Bxc5 11. Nxc5 Qxc5 12. Bxf6 gxf6 13. Nh4 d5 14. Bg4 Nd7 15. Nf5 Nb6 16. Rc1 Qb4 17.
a3 Qb5 18. Nd6 Qxb2 19. Bxc8 Nxc8 20. Rb1 Qxa3 21. Nf5 Kh8 22. Qg4 Rg8 23. Qh4 Rg6 24.
Rxb7 Qf8 25. f4 exf4 26. Qxf4 a4 27. Nh4 a3 28. Nxg6+ fxg6 29. Qxf6+ Qxf6 30. Rxf6 a2 31. Rf8# 1-0

[Event "Late-Titled-Tuesday-Blitz-February-13-2024"]
[Site "Chess.com"]
[Date "2024.02.13"]
[Round "3"]
[White "Chemim21"]
[Black "ClayK1ng"]
[Result "1-0"]
[WhiteElo "2241"]
[BlackElo "2443"]
[TimeControl "180+1"]
[EndTime "14:26:44 PST"]
[Termination "Chemim21 won by resignation"]

1. e4 g6 2. d4 Bg7 3. Nc3 d6 4. g3 Nd7 5. Bg2 c5 6. Nge2 cxd4 7. Nxd4 Ngf6 8. O-O O-O 9. h3 a6 10. Be3 Nc5 11. Qd2 Ne6 12. f4 Nxd4 13. Bxd4 e5 14. Be3 Nh5 15. Kh2 exf4 16. gxf4 Qh4 17. Qf2 Qxf2 18.
Rxf2 Be6 19. Nd5 Bxd5 20. exd5 Rfe8 21. Bb6 Nxf4 22. c3 Nxg2 23. Kxg2 Re5 24. c4 Rae8 25.
Bc7 Bf8 26. Raf1 f5 27. b4 Re2 28. c5 Rxf2+ 29. Rxf2 dxc5 30. d6 Bxd6 31. Bxd6 c4 32. a4 Kf7 33. a5 Rd8 34. Bc5 Rd3 35. Rc2 g5 36. Rxc4 h5 37. h4 Kf6 38. hxg5+ Kxg5 39.
Be7+ Kg6 40. Rc7 1-0

[Event "Late-Titled-Tuesday-Blitz-February-13-2024"]
[Site "Chess.com"]
[Date "2024.02.13"]
[Round "3"]
[White "Qingdom"]
[Black "inagreV"]
[Result "1-0"]
[WhiteElo "2187"]
[BlackElo "2361"]
[TimeControl "180+1"]
[EndTime "14:26:44 PST"]
[Termination "Qingdom won by resignation"]

1. d4 Nf6 2. Bg5 d5 3. e3 e6 4. Nf3 Be7 5. c4 O-O 6. Nc3 h6 7. Bxf6 Bxf6 8. cxd5 exd5 9. Bd3 c6 10. O-O Re8 11. Qc2 Bg4 12. Nd2 Nd7 13. b4 a6 14.
a4 Nf8 15. Rab1 Bh5 16. b5 axb5 17. axb5 Be7 18. bxc6 bxc6 19. Na4 Rc8 20. Nc5 Bd6 21. Rfc1 Ng6 22. Nf1 Nh4 23. Ng3 Qg5 24. Rb7 Rxe3 25.
fxe3 Qxe3+ 26. Kh1 Re8 27. Rf1 Qxd4 28. Nb3 Qg4 29. Qf2 Re6 30. Rxf7 c5 31. Rf8+ 1-0

[Event "Late-Titled-Tuesday-Blitz-February-13-2024"]
[Site "Chess.com"]
[Date "2024.02.13"]
[Round "3"]
[White "Willhaven3"]
[Black "WPWPWP-2015"]
[Result "1-0"]
[WhiteElo "2627"]
[BlackElo "2433"]
[TimeControl "180+1"]
[EndTime "14:26:45 PST"]
[Termination "Willhaven3 won by checkmate"]

1. d4 Nf6 2. Nf3 e6 3. c4 b6 4. g3 Be7 5. Bg2 O-O 6. O-O Bb7 7. Re1 d5 8. cxd5 exd5 9. Nc3 c6 10. Bf4 Nbd7 11.
Rc1 Re8 12. a3 Nf8 13. b4 Ng6 14. Bg5 h6 15. Be3 Bd6 16. Qb3 Rxe3 17. fxe3 Qe7 18.
Nd1 Ne4 19. Nf2 Nf6 20. Nd2 h5 21. Qd3 h4 22. e4 hxg3 23. hxg3 Nh5 24. e5 Bc7 25. e4 Bd8 26. b5 cxb5 27. exd5 Qg5 28. Nde4 Qh6 29. d6 Kf8 30. Qe3 Nhf4 31. gxf4 Nh4 32. Qg3 Nf5 33. Qh3 Qg6 34. Qh8# 1-0

[Event "Late-Titled-Tuesday-Blitz-February-13-2024"]
[Site "Chess.com"]
[Date "2024.02.13"]
[Round "3"]
[White "elgrona"]
[Black "SmirnovTimofey2000"]
[Result "1-0"]
[WhiteElo "2304"]
[BlackElo "1981"]
[TimeControl "180+1"]
[EndTime "14:26:47 PST"]
[Termination "elgrona won on time"]

1. Nf3 d5 2. b3 Bf5 3. Bb2 e6 4. g3 h6 5. Bg2 Nf6 6. O-O Be7 7.
d3 O-O 8. Nbd2 Nbd7 9. c4 c6 10. a3 a5 11. Ra2 Re8 12. Qa1 Bh7 13. Ne5 Nxe5 14. Bxe5 Bd6 15. Rb1 Bxe5 16. Qxe5 Qb8 17. Qxb8 Rexb8 18. Rab2 b5 19. cxb5 cxb5 20. Rc1 Rc8 21.
Rbc2 Rxc2 22. Rxc2 Kf8 23. Nf3 Nd7 24. Nd4 Rb8 25.
f4 Ke8 26. Kf2 b4 27. a4 Nb6 28. Ke3 Kd8 29. Nc6+ Kc7 30. Nxb8+ Kxb8 31. Rc5 Kb7 32. Rxa5 Bg6 33. Rb5 1-0

[Event "Late-Titled-Tuesday-Blitz-February-13-2024"]
[Site "Chess.com"]
[Date "2024.02.13"]
[Round "3"]
[White "Balla_Tamas"]
[Black "expii"]
[Result "1-0"]
[WhiteElo "2394"]
[BlackElo "2191"]
[TimeControl "180+1"]
[EndTime "14:26:49 PST"]
[Termination "Balla_Tamas won on time"]

1. e4 c5 2. c3 Nf6 3. e5 Nd5 4. d4 cxd4 5. Nf3 Nc6 6. cxd4 e6 7. a3 d6 8. Bd3 dxe5 9. dxe5 Bc5 10. O-O h6 11.
Qe2 Nde7 12. Rd1 Qc7 13. Nc3 a6 14. Ne4 Na7 15. b4 Bb6 16. Nd6+ Kf8 17. Bb2 Bd7 18.
Rac1 Bc6 19. a4 Qb8 20. b5 axb5 21. axb5 Be8 22. Be4 Nac8 23. Nxb7 Ra7 24. Nd6 Nxd6 25. exd6 Nd5 26. Bxd5 exd5 27. Qe5 f6 28. Qxd5 Bf7 29. Qc6 1-0

[Event "Late-Titled-Tuesday-Blitz-February-13-2024"]
[Site "Chess.com"]
[Date "2024.02.13"]
[Round "3"]
[White "maicolbenavides"]
[Black "GoltsevDmitry2000"]
[Result "0-1"]
[WhiteElo "2506"]
[BlackElo "2772"]
[TimeControl "180+1"]
[EndTime "14:26:51 PST"]
[Termination "GoltsevDmitry2000 won by resignation"]

1. e4 e6 2. d4 d5 3. Nd2 c5 4.
Ngf3 Nf6 5. e5 Nfd7 6. c3 Nc6 7. Bd3 Qb6 8. O-O cxd4 9. cxd4 Nxd4 10. Nxd4 Qxd4 11.
Nf3 Qb6 12. Be3 Qxb2 13. Rb1 Qxa2 14. Nd4 a6 15. Ra1 Qb2 16. Nb5 Qxe5 17. Qg4 h5 18. Qg3 Qxg3 19. fxg3 Ke7 20. Nc7 Rb8 21. Ba7 f6 22.
Rfe1 Kd6 23. Rac1 e5 24. Bf5 Be7 25. Bxb8 Nxb8 26. Bxc8 Rxc8 27. Nb5+ Kd7 28. Rxc8 Kxc8 29. Nc3 d4 30. Nd5 Nc6 31. Rc1 Kd7 32. Nb6+ Ke6 33.
Kf2 e4 34. Re1 f5 0-1

[Event "Late-Titled-Tuesday-Blitz-February-13-2024"]
[Site "Chess.com"]
[Date "2024.02.13"]
[Round "3"]
[White "N_I_Chess"]
[Black "pfalcon1949"]
[Result "1-0"]
[WhiteElo "2285"]
[BlackElo "1947"]
[TimeControl "180+1"]
[EndTime "14:26:51 PST"]
[Termination "N_I_Chess won by resignation"]

1. d4 Nf6 2. c4 c5 3. d5 b5 4.
Nd2 b4 5. e4 d6 6. b3 Nbd7 7. Bb2 g6 8. Bd3 Bg7 9. Ngf3 O-O 10. Qc2 Qc7 11. O-O Ne5 12. Nxe5 dxe5 13. a3 Nd7 14. Rfc1 Nb6 15. axb4 cxb4 16. c5 Nd7 17. c6 Nf6 18. Nc4 a5 19. Bxe5 Qa7 20. Rxa5 Qxa5 21. Nxa5 Rxa5 22. Qb2 Ba6 23. Bxa6 Rxa6 24.
f3 Bh6 25. Ra1 Rfa8 26. Rxa6 Rxa6 27. Bxf6 exf6 28. c7 Ra8 29. d6 Be3+ 30. Kf1 Bf4 31. Qd4 Be5 32. Qc5 Ra1+ 33. Ke2 Ra2+ 34. Kd3 Rxg2 35.
c8=Q+ Kg7 36. d7 1-0

[Event "Late-Titled-Tuesday-Blitz-February-13-2024"]
[Site "Chess.com"]
[Date "2024.02.13"]
[Round "3"]
[White "Practical-Play"]
[Black "dretch"]
[Result "0-1"]
[WhiteElo "2585"]
[BlackElo "2867"]
[TimeControl "180+1"]
[EndTime "14:26:52 PST"]
[Termination "dretch won by resignation"]

1. e4 e6 2. d4 d5 3. Nc3 Nf6 4. e5 Nfd7 5. f4 c5 6. Nf3 Nc6 7. Be3 cxd4 8. Nxd4 Bc5 9. Qd2 O-O 10. Be2 a6 11. Rd1 Na5 12. O-O Qc7 13. Rf3 Nb6 14. Bf2 Nbc4 15. Qc1 b5 16. Rg3 Kh8 17. a3 Nc6 18.
Nxc6 Bxf2+ 19. Kxf2 Qxc6 20. f5 Qc5+ 21. Kf1 d4 22. f6 Ne3+ 23. Qxe3 dxe3 24. fxg7+ Kg8 25.
Ne4 Qxe5 26. gxf8=Q+ Kxf8 27. Rd8+ Ke7 28. Rgg8 Qxe4 29.
Bf3 Qc4+ 30. Ke1 Qxc2 31. g4 Qf2+ 32. Kd1 Qxf3+ 0-1

[Event "Late-Titled-Tuesday-Blitz-February-13-2024"]
[Site "Chess.com"]
[Date "2024.02.13"]
[Round "3"]
[White "KacperKacprzak"]
[Black "Shankland"]
[Result "0-1"]
[WhiteElo "2715"]
[BlackElo "2953"]
[TimeControl "180+1"]
[EndTime "14:26:53 PST"]
[Termination "Shankland won by resignation"]

1. e4 c5 2. Nf3 d6 3. d4 cxd4 4.
Nxd4 Nf6 5. Nc3 Nc6 6. f3 e5 7. Nb3 Be6 8. Nd5 Be7 9. Be3 O-O 10. Qd2 a5 11. Rd1 a4 12. Nc1 Bxd5 13. exd5 Nd4 14.
Bxd4 exd4 15. Qxd4 Nd7 16. Be2 Bf6 17. Qb4 Qc7 18.
c3 a3 19. O-O axb2 20. Qxb2 Nc5 21. Kh1 Na4 22. Qb3 Nxc3 23. Rde1 g6 24. Bd3 Ra5 25. Be4 Rfa8 26. Rf2 Rc5 27. Nd3 Rb5 28. Qc2 Rxa2 29. Qc1 Rxf2 30. Nxf2 Rc5 31. Qf4 Be5 32.
Qh4 Nxe4 33. Nxe4 Rc1 34. Qf2 b5 35. g3 b4 36. f4 Bd4 37. Qe2 b3 38. Kg2 Rc2 39. Nd2 Qc3 40. Rd1 b2 41. Kh3 Rxd2 0-1

[Event "Late-Titled-Tuesday-Blitz-February-13-2024"]
[Site "Chess.com"]
[Date "2024.02.13"]
[Round "3"]
[White "Kombinator01"]
[Black "aa175"]
[Result "0-1"]
[WhiteElo "2489"]
[BlackElo "2686"]
[TimeControl "180+1"]
[EndTime "14:26:55 PST"]
[Termination "aa175 won by checkmate"]

1. e4 e5 2. Nf3 Nf6 3. d4 Nxe4 4.
Bd3 Nc6 5. dxe5 d5 6. exd6 Nxd6 7. O-O Be7 8. Nc3 O-O 9. Re1 Bg4 10. h3 Bh5 11. g4 Bg6 12. Bf4 Bf6 13. Rb1 Kh8 14. Nd5 Re8 15. Rxe8+ Nxe8 16. Nxf6 Qxf6 17.
Bg5 Qd6 18. Bxg6 Qxg6 19. Qd7 Qxc2 20. Re1 Nd6 21. Qxc7 Ne4 22. Bh4 Nd2 23. Ng5 Qg6 24.
Qxb7 Rf8 25. Re3 h6 26. Nf3 Qb1+ 27. Ne1 Nd4 28. Qb4 N2f3+ 29. Kh1 Rc8 30. Qe7 Rc1 31.
Qe8+ Kh7 32. Qxf7 Rxe1+ 33. Kg2 Rg1# 0-1

[Event "Late-Titled-Tuesday-Blitz-February-13-2024"]
[Site "Chess.com"]
[Date "2024.02.13"]
[Round "3"]
[White "TheCavemanChess"]
[Black "JG-17"]
[Result "1-0"]
[WhiteElo "2673"]
[BlackElo "2480"]
[TimeControl "180+1"]
[EndTime "14:26:56 PST"]
[Termination "TheCavemanChess won by resignation"]

1. e4 c5 2. Nf3 d6 3. d4 cxd4 4. Nxd4 Nf6 5. Nc3 g6 6. Be3 Nc6 7. f3 h5 8. Bc4 Nxd4 9. Bxd4 Bg7 10. Qd2 O-O 11. O-O-O a6 12. Kb1 b5 13. Bd5 Nxd5 14. exd5 Qc7 15. Rde1 Bf5 16. g4 hxg4 17. fxg4 Bc8 18.
h4 Bxd4 19. Qxd4 Qc4 20. Qxc4 bxc4 21. g5 e5 22. Ne4 Bf5 23. Nxd6 f6 24. Nxc4 Rad8 25.
gxf6 Rxd5 26. Rxe5 Rxe5 27. Nxe5 Rxf6 28. b3 Kg7 29. Kb2 Re6 30. Re1 Kf6 31. Nd7+ Kg7 32. Rxe6 Bxe6 33. Nc5 Bc8 34. c4 Kh6 35. Nd3 Kh5 36.
Nf4+ Kxh4 37. Nxg6+ Kg5 38. Ne7 Be6 39. Kc3 Kf6 40.
Nd5+ Ke5 41. Nb4 Bc8 42. a4 Kd6 43. Kd4 a5 44. c5+ Kc7 45. Nd5+ Kc6 46. Ne7+ Kc7 47.
Nxc8 Kxc8 48. Kc4 1-0

[Event "Late-Titled-Tuesday-Blitz-February-13-2024"]
[Site "Chess.com"]
[Date "2024.02.13"]
[Round "3"]
[White "Mindhunter08"]
[Black "Alexei_Gubajdullin"]
[Result "0-1"]
[WhiteElo "2443"]
[BlackElo "2640"]
[TimeControl "180+1"]
[EndTime "14:26:57 PST"]
[Termination "Alexei_Gubajdullin won by resignation"]

1. e4 e5 2. Nf3 Nf6 3. Nxe5 d6 4. Nf3 Nxe4 5. Nc3 Nxc3 6. dxc3 Nc6 7. Be3 Be7 8. Bc4 Bf5 9. Qd2 Qd7 10. O-O-O Be6 11.
Bxe6 fxe6 12. Kb1 O-O-O 13. Rhe1 b6 14. Qd3 Kb7 15. Bg5 Bf6 16. Qe4 Rde8 17. Re2 d5 18.
Qa4 Re7 19. Rde1 Rhe8 20. Qg4 e5 21. Qxd7 Rxd7 22. Be3 e4 23. Nd2 Ne5 24. h3 b5 25.
Bd4 Nc6 26. Nb3 Nxd4 27. cxd4 Rde7 28. f3 exf3 29. Rxe7 Rxe7 30. Rxe7 f2 31. Nc5+ Kb6 32. Re6+ c6 33. Nd7+ Kc7 0-1

[Event "Late-Titled-Tuesday-Blitz-February-13-2024"]
[Site "Chess.com"]
[Date "2024.02.13"]
[Round "3"]
[White "akanga001"]
[Black "Hirna2005"]
[Result "0-1"]
[WhiteElo "2008"]
[BlackElo "2312"]
[TimeControl "180+1"]
[EndTime "14:26:57 PST"]
[Termination "Hirna2005 won by checkmate"]

1. d4 g6 2. c4 Bg7 3. Nc3 d6 4. e4 Nc6 5. d5 Nd4 6. Nge2 c5 7. Ng3 Nf6 8. h4 h5 9. Bg5 Qa5 10. Qd2 Bg4 11. Be2 Nb3 12. axb3 Qxa1+ 13. Nd1 Qb1 14. O-O Bxe2 15. Qxe2 Qa2 16. Qd3 O-O 17. Ne3 a5 18. f3 Qxb2 19. Rf2 Qd4 20. Qe2 a4 21. bxa4 Rxa4 22. Kh2 Ra1 23. Ngf5 gxf5 24. Nxf5 Qd1 25. Nxe7+ Kh8 26. Qe3 Qe1 27. Re2 Ng4+ 28. fxg4 Be5+ 29. Bf4 Qxh4+ 30. Qh3 Bxf4+ 31. g3 Rh1+ 32. Kg2 Qxh3+ 33. Kf3 Qxg3# 0-1

[Event "Late-Titled-Tuesday-Blitz-February-13-2024"]
[Site "Chess.com"]
[Date "2024.02.13"]
[Round "3"]
[White "MAGAExtremist"]
[Black "sansanathalia"]
[Result "0-1"]
[WhiteElo "1926"]
[BlackElo "2387"]
[TimeControl "180+1"]
[EndTime "14:27:03 PST"]
[Termination "sansanathalia won on time"]

1. e4 c5 2. Nf3 d6 3. d4 cxd4 4. Qxd4 Nc6 5. Bb5 Bd7 6. Bxc6 Bxc6 7. Nc3 Nf6 8. Bg5 e6 9. O-O-O Be7 10. Rhe1 O-O 11.
Kb1 b5 12. Bxf6 Bxf6 13. Qxd6 Qb6 14. Nd4 Bxd4 15. Qxd4 Qa6 16. f3 Rab8 17. Qb4 Qb6 18. Rd6 a5 19. Qd4 Qb7 20. Rd1 b4 21. Ne2 Bb5 22. Nc1 Qc7 23. h4 Rbc8 24. Rd2 Bc4 25. Rd7 Qc6 26. Qd6 Qb5 27. b3 Bf1 28. h5 h6 29. g4 Kh7 30. Qf4 Kg8 31. e5 a4 32.
g5 axb3 33. axb3 Qa5 34. gxh6 Ra8 35. Qd4 gxh6 36. Rd1 Bh3 37. Rg1+ Kh8 0-1

[Event "Late-Titled-Tuesday-Blitz-February-13-2024"]
[Site "Chess.com"]
[Date "2024.02.13"]
[Round "3"]
[White "Rud_Makarian"]
[Black "Rawnsdale"]
[Result "1-0"]
[WhiteElo "3041"]
[BlackElo "2527"]
[TimeControl "180+1"]
[EndTime "14:27:04 PST"]
[Termination "Rud_Makarian won by checkmate"]

1. Nf3 d5 2. g3 e6 3. Bg2 Be7 4. O-O Nf6 5. d3 O-O 6. Nbd2 Nbd7 7. e4 c5 8. Re1 dxe4 9. dxe4 e5 10. Nc4 Qc7 11.
c3 b5 12. Ne3 Bb7 13. Nf5 Rfe8 14. Nxe7+ Rxe7 15. Qc2 c4 16. a4 Nc5 17. Bg5 Bxe4 18. Qe2 Bd3 19. Qd1 Rd8 20. Bxf6 gxf6 21. axb5 Nb3 22. Ra6 Re6 23. Rxe6 fxe6 24. Nh4 f5 25.
Qh5 Qg7 26. h3 Nc5 27. Ra1 Be4 28. Rxa7 Qxa7 29. Qg5+ Kf7 30. Qxd8 Qa1+ 31. Kh2 Bxg2 32. Kxg2 Qxb2 33. Qc7+ Kf6 34. Qxc5 Qxc3 35. Qf8+ Kg5 36. Qg7+ Kh5 37. Qxh7+ Kg5 38. Qg6# 1-0

[Event "Late-Titled-Tuesday-Blitz-February-13-2024"]
[Site "Chess.com"]
[Date "2024.02.13"]
[Round "3"]
[White "WilsonPalencia21"]
[Black "Zampronha1971"]
[Result "0-1"]
[WhiteElo "2541"]
[BlackElo "2342"]
[TimeControl "180+1"]
[EndTime "14:27:04 PST"]
[Termination "Zampronha1971 won on time"]

1. d4 Nf6 2. c4 c5 3. d5 e6 4. Nc3 exd5 5. Nxd5 d6 6. Bg5 Be7 7.
Nxe7 Qxe7 8. Qd2 h6 9. Bh4 g5 10. Bg3 Ne4 11. Qc2 Bf5 12. Qb3 Nc6 13. e3 h5 14. f3 Nxg3 15. hxg3 Nb4 16. Rc1 O-O-O 17. Kf2 h4 18. g4 Bg6 19. a3 Nc6 20. Bd3 Kb8 21. Ne2 Ne5 22. Bxg6 fxg6 23. Rcd1 Rhf8 24. Kg1 Rde8 25. Nc3 Nxf3+ 26. gxf3 Qxe3+ 27. Kh2 Rxf3 28. Rhe1 Qf2+ 0-1

[Event "Late-Titled-Tuesday-Blitz-February-13-2024"]
[Site "Chess.com"]
[Date "2024.02.13"]
[Round "3"]
[White "DeGrootteZ"]
[Black "DeArron_Fox"]
[Result "1-0"]
[WhiteElo "2824"]
[BlackElo "2512"]
[TimeControl "180+1"]
[EndTime "14:27:05 PST"]
[Termination "DeGrootteZ won by resignation"]

1. c4 e6 2. Nf3 d5 3. e3 Nf6 4. b3 Be7 5. Bb2 O-O 6. Nc3 b6 7. Be2 Bb7 8. cxd5 Nxd5 9. Nxd5 Bxd5 10. Qc2 Nd7 11. Rc1 c5 12. O-O Bf6 13. Rfd1 Rc8 14. Ba6 Rc7 15. e4 Bxe4 16. Qxe4 Bxb2 17. Rc2 Bf6 18. h4 Qa8 19. Qf4 Qd5 20. Qxc7 Qf5 21. Rc4 Ne5 22. Nxe5 Bxe5 23. Qb7 Rd8 24. Qe4 Qh5 25. Re1 Bb8 26. Rc3 Rxd2 27. Rd3 Rxd3 28. Bxd3 Qh6 29. g3 g6 30. Qa8 Qf8 31. Rd1 Kg7 32.
Bc4 Qc8 33. a4 Qc7 34. Qf3 Qe5 35. Kg2 Bd6 36. Qe3 Kf6 37. Qxe5+ Bxe5 38. Rd7 1-0

[Event "Late-Titled-Tuesday-Blitz-February-13-2024"]
[Site "Chess.com"]
[Date "2024.02.13"]
[Round "3"]
[White "YellowJacek"]
[Black "mjelcic"]
[Result "0-1"]
[WhiteElo "2382"]
[BlackElo "2209"]
[TimeControl "180+1"]
[EndTime "14:27:05 PST"]
[Termination "mjelcic won by resignation"]

1. e4 g6 2. d4 Bg7 3. Nf3 c5 4.
dxc5 Na6 5. Bxa6 bxa6 6. c3 Bb7 7. Nbd2 Rc8 8. Qb3 Rb8 9. Qc4 Qc7 10. O-O a5 11. Rb1 Nf6 12. b4 axb4 13. cxb4 O-O 14. Bb2 Rfc8 15. Nd4 Nxe4 16. Nxe4 Bxe4 17. Rbe1 Qb7 18.
f3 Bd5 19. Qd3 Qxb4 20. Ba1 Bc4 21. Qe3 Bxf1 22. Rxf1 Qxc5 23. Re1 e5 24. Nb3 Qxe3+ 25. Rxe3 Rxb3 26. Rxb3 Rc1+ 27. Kf2 Rxa1 28. Rb7 Rxa2+ 29. Kg3 d5 30. Rd7 d4 31. h4 h5 32. Kh3 a5 33. g4 hxg4+ 34. fxg4 Ra3+ 35. Kg2 a4 36. h5 gxh5 37. gxh5 Re3 38. Kf2 a3 39. Ra7 Rh3 40. Ke2 Rxh5 41. Rxa3 e4 42. Ra7 Rh2+ 43. Kf1 d3 44. Ra8+ Kh7 45. Kg1 Rb2 46. Rd8 d2 47.
Kf1 Rb1+ 48. Ke2 d1=Q+ 49. Rxd1 Rxd1 50. Kxd1 f5 51. Ke2 Bd4 0-1